| TOP OF THE 1ST |
|
Kelowna Heat batting - Pitching for Amarillo ThunderHeads : RHP Jose Vela
|
|
Pitching: RHP Jose Vela
|
|
|
Batting: RHB Sadataka Kuwahara
|
0-0: Ball 1-0: Ball 2-0: Foul Ball, location: 2F 2-1: Fly out, F4 (Popup, 4MD, EV 71.2 MPH)
|
|
Batting: RHB Malik Sharpless
|
0-0: Called Strike 0-1: Swinging Strike 0-2: Ball 1-2: Strikes out swinging
|
|
Batting: LHB Chris West
|
0-0: Fly out, F8 (Flyball, 8RXD, EV 98.1 MPH)
|
| Top of the 1st over - 0 runs, 0 hits, 0 errors, 0 left on base; Kelowna 0 - Amarillo 0 |
| BOTTOM OF THE 1ST |
|
Amarillo ThunderHeads batting - Pitching for Kelowna Heat : RHP Tong Huang
|
|
Pitching: RHP Tong Huang
|
|
|
Batting: SHB Tim Rogers
|
0-0: Ball 1-0: Called Strike 1-1: Swinging Strike 1-2: Ball 2-2: Fly out, F4 (Popup, 4D, EV 61.9 MPH)
|
|
Batting: RHB Luis Reyna
|
0-0: Called Strike 0-1: Called Strike 0-2: Strikes out looking
|
|
Batting: RHB Sal Cervantes
|
0-0: Called Strike 0-1: Ball 1-1: Ball 2-1: Ball 3-1: Fly out, F8 (Line Drive, 8LD, EV 105.0 MPH)
|
| Bottom of the 1st over - 0 runs, 0 hits, 0 errors, 0 left on base; Kelowna 0 - Amarillo 0 |
| TOP OF THE 2ND |
|
Kelowna Heat batting - Pitching for Amarillo ThunderHeads : RHP Jose Vela
|
|
Batting: RHB Frank Pena
|
0-0: Ball 1-0: Called Strike 1-1: Swinging Strike 1-2: Foul Ball, location: 2F 1-2: SOLO HOME RUN (Flyball, 9LD, EV 92.5 MPH), Distance : 338 ft
|
|
Batting: LHB Steve Nevis
|
0-0: Called Strike 0-1: Foul Ball, location: 2F 0-2: Ball 1-2: Ball 2-2: Ball 3-2: Strikes out looking
|
|
Batting: RHB Josh Truell
|
0-0: Foul Ball, location: 2F 0-1: Ball 1-1: Swinging Strike 1-2: Foul Ball, location: 2F 1-2: Strikes out swinging
|
|
Batting: RHB Bob Schweiger
|
0-0: Ball 1-0: Ball 2-0: Ball 3-0: Called Strike 3-1: Foul Ball, location: 2F 3-2: Foul Ball, location: 2F 3-2: Foul Ball, location: 2F 3-2: Foul Ball, location: 2F 3-2: Strikes out swinging
|
| Top of the 2nd over - 1 run, 1 hit, 0 errors, 0 left on base; Kelowna 1 - Amarillo 0 |
| BOTTOM OF THE 2ND |
|
Amarillo ThunderHeads batting - Pitching for Kelowna Heat : RHP Tong Huang
|
|
Batting: RHB Nick Solberg
|
0-0: SINGLE (Line Drive, 56, EV 95.0 MPH)
|
|
Batting: RHB Jerry Foster
|
0-0: Called Strike 0-1: Ball 1-1: Foul Ball, location: 2F 1-2: Foul Ball, location: 2F 1-2: Strikes out swinging
|
|
Batting: RHB Kelly Cole
|
0-0: Called Strike 0-1: Ball 1-1: Foul Ball, location: 2F 1-2: Foul Ball, location: 2F 1-2: Ball 2-2: Foul Ball, location: 2F 2-2: Fly out, F4 (Popup, 4M, EV 50.6 MPH)
|
|
Batting: RHB Elias Sagrero
|
0-0: Called Strike Nick Solberg steals 2nd base 0-1: Ball 1-1: Ball 2-1: Swinging Strike 2-2: Foul Ball, location: 2F 2-2: Ball 3-2: Fly out, F4 (Flyball, 34D, EV 94.4 MPH)
|
| Bottom of the 2nd over - 0 runs, 1 hit, 0 errors, 1 left on base; Kelowna 1 - Amarillo 0 |
| TOP OF THE 3RD |
|
Kelowna Heat batting - Pitching for Amarillo ThunderHeads : RHP Jose Vela
|
|
Batting: RHB Miguel Gonzalez
|
0-0: Reached on error, E6 (Groundball, 6, EV 106.9 MPH)
|
|
Batting: RHB Ryan Hoagland
|
0-0: Ball Miguel Gonzalez is caught stealing 2nd base 2-4 1-0: Ground out 5-3 (Groundball, 56S, EV 70.0 MPH)
|
|
Batting: RHB Sadataka Kuwahara
|
0-0: Ball 1-0: Foul Ball, location: 2F 1-1: Ball 2-1: Foul Ball, location: 2F 2-2: Foul Ball, location: 2F 2-2: Ball 3-2: Foul Ball, location: 2F 3-2: Ground out U3 (Groundball, 34, EV 101.9 MPH)
|
| Top of the 3rd over - 0 runs, 0 hits, 1 error, 0 left on base; Kelowna 1 - Amarillo 0 |
| BOTTOM OF THE 3RD |
|
Amarillo ThunderHeads batting - Pitching for Kelowna Heat : RHP Tong Huang
|
|
Batting: RHB Ron Squires
|
0-0: Swinging Strike 0-1: Ball 1-1: Fly out, F8 (Line Drive, 8RM, EV 89.4 MPH)
|
|
Batting: SHB Tyler Romo
|
0-0: Ball 1-0: Foul Ball, location: 2F 1-1: Ball 2-1: Reached on error, E3 (Groundball, 34, EV 88.8 MPH)
|
|
Batting: SHB Tim Rogers
|
0-0: Called Strike Tyler Romo steals 2nd, throwing error, E2 Tyler Romo to third 0-1: Ball 1-1: Ball Wild Pitch! Tyler Romo scores 2-1: Fly out, F2 (Popup, 2LF, EV 91.2 MPH)
|
|
Batting: RHB Luis Reyna
|
0-0: Ball 1-0: Swinging Strike 1-1: Foul Ball, location: 2F 1-2: Foul Ball, location: 2F 1-2: Strikes out swinging
|
| Bottom of the 3rd over - 1 run, 0 hits, 2 errors, 0 left on base; Kelowna 1 - Amarillo 1 |
| TOP OF THE 4TH |
|
Kelowna Heat batting - Pitching for Amarillo ThunderHeads : RHP Jose Vela
|
|
Batting: RHB Malik Sharpless
|
0-0: Ground out 5-3 (Groundball, 56, EV 108.8 MPH)
|
|
Batting: LHB Chris West
|
0-0: Fly out, F8 (Flyball, 8RD, EV 90.6 MPH)
|
|
Batting: RHB Frank Pena
|
0-0: Called Strike 0-1: Ball 1-1: Ball 2-1: Called Strike 2-2: Ball 3-2: Foul Ball, location: 2F 3-2: Foul Ball, location: 2F 3-2: Base on Balls
|
|
Batting: LHB Steve Nevis
|
0-0: Ball Frank Pena steals 2nd, throwing error, E2 Frank Pena to third 1-0: Intentional Walk
|
|
Batting: RHB Josh Truell
|
0-0: Called Strike 0-1: Ball 1-1: Swinging Strike 1-2: Ball Wild Pitch! Frank Pena scores Steve Nevis to second 2-2: Foul Ball, location: 2F 2-2: Ball 3-2: Intentional Walk
|
|
Batting: RHB Bob Schweiger
|
0-0: Foul Ball, location: 2F 0-1: Ball 1-1: Ball 2-1: Called Strike 2-2: Fielders Choice at 2nd, 6-4 (Groundball, 6, EV 101.2 MPH)
|
| Top of the 4th over - 1 run, 0 hits, 1 error, 2 left on base; Kelowna 2 - Amarillo 1 |
| BOTTOM OF THE 4TH |
|
Amarillo ThunderHeads batting - Pitching for Kelowna Heat : RHP Tong Huang
|
|
Batting: RHB Sal Cervantes
|
0-0: Foul Ball, location: 2F 0-1: Swinging Strike 0-2: Ball 1-2: Ball 2-2: Ground out U3 (Groundball, 34, EV 80.6 MPH)
|
|
Batting: RHB Nick Solberg
|
0-0: Foul Ball, location: 2F 0-1: Ball 1-1: Foul Ball, location: 2F 1-2: Foul Ball, location: 2F 1-2: SINGLE (Groundball, 56D, EV 97.5 MPH)
|
|
Batting: RHB Jerry Foster
|
0-0: Ball 1-0: Ball 2-0: Grounds into double play, 5-4-3 (Groundball, 5, EV 108.1 MPH)
|
| Bottom of the 4th over - 0 runs, 1 hit, 0 errors, 0 left on base; Kelowna 2 - Amarillo 1 |
| TOP OF THE 5TH |
|
Kelowna Heat batting - Pitching for Amarillo ThunderHeads : RHP Jose Vela
|
|
Batting: RHB Miguel Gonzalez
|
0-0: Fly out, F9 (Flyball, 89D, EV 93.1 MPH)
|
|
Batting: RHB Ryan Hoagland
|
0-0: Called Strike 0-1: Ground out 5-3 (Groundball, 5L, EV 90.6 MPH)
|
|
Batting: RHB Sadataka Kuwahara
|
0-0: Swinging Strike 0-1: Called Strike 0-2: Ball 1-2: Foul Ball, location: 2F 1-2: Fly out, F9 (Flyball, 9, EV 87.5 MPH)
|
| Top of the 5th over - 0 runs, 0 hits, 0 errors, 0 left on base; Kelowna 2 - Amarillo 1 |
| BOTTOM OF THE 5TH |
|
Amarillo ThunderHeads batting - Pitching for Kelowna Heat : RHP Tong Huang
|
|
Batting: RHB Kelly Cole
|
0-0: Ball 1-0: Fly out, F8 (Flyball, 8RM, EV 86.9 MPH)
|
|
Batting: RHB Elias Sagrero
|
0-0: Ball 1-0: Called Strike 1-1: SINGLE (Groundball, 6MD, EV 100.0 MPH)
|
|
Batting: RHB Ron Squires
|
0-0: Called Strike 0-1: Ball 1-1: SINGLE (Groundball, 25, EV 68.8 MPH) (infield hit) Elias Sagrero to second
|
|
Batting: SHB Tyler Romo
|
0-0: Called Strike 0-1: Called Strike 0-2: Strikes out looking
|
|
Batting: SHB Tim Rogers
|
0-0: Called Strike 0-1: Ball 1-1: Fly out, F8 (Flyball, 8LS, EV 91.9 MPH)
|
| Bottom of the 5th over - 0 runs, 2 hits, 0 errors, 2 left on base; Kelowna 2 - Amarillo 1 |
| TOP OF THE 6TH |
|
Kelowna Heat batting - Pitching for Amarillo ThunderHeads : RHP Jose Vela
|
|
Batting: RHB Malik Sharpless
|
0-0: Called Strike 0-1: Ball 1-1: Called Strike 1-2: Strikes out swinging
|
|
Batting: LHB Chris West
|
0-0: Called Strike 0-1: Fly out, F8 (Line Drive, 8LD, EV 88.1 MPH)
|
|
Batting: RHB Frank Pena
|
0-0: Ground out 6-3 (Groundball, 6, EV 80.0 MPH)
|
| Top of the 6th over - 0 runs, 0 hits, 0 errors, 0 left on base; Kelowna 2 - Amarillo 1 |
| BOTTOM OF THE 6TH |
|
Amarillo ThunderHeads batting - Pitching for Kelowna Heat : RHP Tong Huang
|
|
Pitching: RHP Francisco Gonzalez
|
|
|
Pinch Hitting: LHB Santino Pisanello
|
0-0: Called Strike 0-1: Swinging Strike 0-2: Ball 1-2: Ball 2-2: Strikes out swinging
|
|
Batting: RHB Sal Cervantes
|
0-0: Fly out, F8 (Flyball, 8LD, EV 108.1 MPH)
|
|
Batting: RHB Nick Solberg
|
0-0: Called Strike 0-1: Ball 1-1: SOLO HOME RUN (Flyball, 7LD, EV 95.6 MPH), Distance : 345 ft
|
|
Batting: RHB Jerry Foster
|
0-0: SINGLE (Line Drive, 8LS, EV 92.5 MPH)
|
|
Batting: RHB Kelly Cole
|
0-0: Ball 1-0: Fielders Choice at 2nd, 6-4 (Groundball, 6, EV 83.1 MPH)
|
| Bottom of the 6th over - 1 run, 2 hits, 0 errors, 1 left on base; Kelowna 2 - Amarillo 2 |
| TOP OF THE 7TH |
|
Kelowna Heat batting - Pitching for Amarillo ThunderHeads : RHP Jose Vela
|
|
Pitching: RHP Javy Arias
|
|
|
Now at 1B: Santino Pisanello
|
|
|
Batting: LHB Steve Nevis
|
0-0: Ball 1-0: Called Strike 1-1: Swinging Strike 1-2: Ball 2-2: Ball 3-2: Strikes out swinging
|
|
Batting: RHB Josh Truell
|
0-0: Swinging Strike 0-1: Ball 1-1: TRIPLE (Flyball, 78XD, EV 91.9 MPH)
|
|
Batting: RHB Bob Schweiger
|
0-0: Ball 1-0: Called Strike 1-1: Called Strike 1-2: Strikes out swinging
|
|
Batting: RHB Miguel Gonzalez
|
0-0: Intentional Walk
|
|
Batting: RHB Ryan Hoagland
|
0-0: Ball 1-0: Foul Ball, location: 2F 1-1: Ball 2-1: Fly out, F8 (Flyball, 89M, EV 93.8 MPH)
|
| Top of the 7th over - 0 runs, 1 hit, 0 errors, 2 left on base; Kelowna 2 - Amarillo 2 |
| BOTTOM OF THE 7TH |
|
Amarillo ThunderHeads batting - Pitching for Kelowna Heat : RHP Francisco Gonzalez
|
|
Batting: SHB Alfonso Chacon
|
0-0: Ball 1-0: Ball 2-0: Foul Ball, location: 2F 2-1: DOUBLE (Line Drive, 8LD, EV 93.8 MPH)
|
|
Pinch Hitting: SHB Zack Barton
|
0-0: Intentional Walk
|
|
Batting: SHB Tyler Romo
|
0-0: Foul Ball, location: 2F 0-1: Ball 1-1: Swinging Strike 1-2: Ball 2-2: Ball 3-2: Strikes out swinging
|
|
Batting: SHB Tim Rogers
|
0-0: Fly out, F4 (Flyball, 34D, EV 91.2 MPH)
|
|
Batting: LHB Santino Pisanello
|
0-0: SINGLE (Groundball, 3S, EV 60.6 MPH) (infield hit) Alfonso Chacon to third Zack Barton to second
|
|
Batting: RHB Sal Cervantes
|
0-0: Swinging Strike 0-1: Foul Ball, location: 2F 0-2: Hit by Pitch Alfonso Chacon scores Zack Barton to third Santino Pisanello to second
|
|
Batting: RHB Nick Solberg
|
0-0: Foul Ball, location: 2F 0-1: Swinging Strike 0-2: Foul Ball, location: 2F 0-2: Strikes out swinging
|
| Bottom of the 7th over - 1 run, 2 hits, 0 errors, 3 left on base; Kelowna 2 - Amarillo 3 |
| TOP OF THE 8TH |
|
Kelowna Heat batting - Pitching for Amarillo ThunderHeads : RHP Javy Arias
|
|
Pitching: LHP Alex Boites
|
|
|
Now at 1B: Sam Voss
|
|
|
Now in RF: Santino Pisanello
|
|
|
Batting: RHB Sadataka Kuwahara
|
0-0: DOUBLE (Flyball, 89XD, EV 113.1 MPH)
|
|
Batting: RHB Malik Sharpless
|
0-0: Ball 1-0: Sac Bunt to 25 - play at first, batter OUT! 5-3 Sadataka Kuwahara to third
|
|
Batting: LHB Chris West
|
0-0: Fly out, F9 (Flyball, 89M, EV 88.8 MPH)
|
|
Batting: RHB Frank Pena
|
0-0: Ball 1-0: Ball 2-0: Foul Ball, location: 2F 2-1: Ground out 5-3 (Groundball, 5, EV 90.0 MPH)
|
| Top of the 8th over - 0 runs, 1 hit, 0 errors, 1 left on base; Kelowna 2 - Amarillo 3 |
| BOTTOM OF THE 8TH |
|
Amarillo ThunderHeads batting - Pitching for Kelowna Heat : RHP Francisco Gonzalez
|
|
Pitching: RHP Ricky Fo
|
|
|
Batting: RHB Jerry Foster
|
0-0: SINGLE (Line Drive, 7S, EV 88.8 MPH)
|
|
Batting: RHB Kelly Cole
|
0-0: Ball 1-0: Sac Bunt to 15S - play at first, batter OUT! 1-4 Jerry Foster to second
|
|
Batting: SHB Alfonso Chacon
|
0-0: Intentional Walk
|
|
Batting: RHB Sam Voss
|
0-0: Ball 1-0: Foul Ball, location: 2F 1-1: Swinging Strike 1-2: Strikes out swinging
|
|
Batting: SHB Tyler Romo
|
0-0: Called Strike 0-1: Swinging Strike 0-2: Ball 1-2: SINGLE (Groundball, 4, EV 96.2 MPH) Jerry Foster to third Alfonso Chacon to second Runner from 3rd tries for Home, SAFE, throw by RF to home
|
|
Batting: SHB Tim Rogers
|
0-0: Ball 1-0: Ball 2-0: Foul Ball, location: 2F 2-1: DOUBLE (Line Drive, 9LM, EV 100.6 MPH) Alfonso Chacon scores Tyler Romo to third
|
|
Batting: LHB Santino Pisanello
|
0-0: Called Strike 0-1: Ground out 4-3 (Groundball, 4S, EV 88.1 MPH)
|
| Bottom of the 8th over - 2 runs, 3 hits, 0 errors, 2 left on base; Kelowna 2 - Amarillo 5 |
| TOP OF THE 9TH |
|
Kelowna Heat batting - Pitching for Amarillo ThunderHeads : LHP Alex Boites
|
|
Pitching: RHP Mike Osgood
|
|
|
Batting: LHB Steve Nevis
|
0-0: Ball 1-0: Ball 2-0: Called Strike 2-1: Ball 3-1: Foul Ball, location: 2F 3-2: Base on Balls
|
|
Batting: RHB Josh Truell
|
0-0: Ball 1-0: Ball 2-0: Ball 3-0: Base on Balls Steve Nevis to second
|
|
Batting: RHB Bob Schweiger
|
0-0: Called Strike 0-1: Ball 1-1: Foul Ball, location: 2F 1-2: Ball 2-2: Fly out, F9 (Flyball, 9, EV 83.8 MPH)
|
|
Batting: RHB Miguel Gonzalez
|
0-0: Called Strike 0-1: Called Strike 0-2: Ball 1-2: Ball 2-2: Ball 3-2: Grounds into double play, 5-4-3 (Groundball, 5, EV 91.2 MPH)
|
| Top of the 9th over - 0 runs, 0 hits, 0 errors, 1 left on base; Kelowna 2 - Amarillo 5 |
|